 Dungeon Crawl Stone Soup version 0.28.0 (webtiles) character file.

Game seed: 12924153919787199925

411479 SnakkuSnakku7 the Phalangite (level 23, -12/196 HPs)
             Began as a Merfolk Wanderer on Feb 6, 2022.
             Was the Champion of the Shining One.
             Mangled by an ettin (16 damage)
             ... while paralysed by a sphinx
             ... on level 4 of the Vaults.
             The game lasted 01:30:54 (41813 turns).

SnakkuSnakku7 the Phalangite (Merfolk Wanderer)    Turns: 41813, Time: 01:31:00

Health: -12/196    AC: 26    Str: 23    XL:     23   Next: 51%
Magic:  35/35      EV:  2    Int: 17    God:    the Shining One [******]
Gold:   2697       SH:  0    Dex: 34    Spells: 28/35 levels left

rFire   + . .      SeeInvis +   a - +9 bardiche (holy)
rCold   . . .      Faith    .   (shield currently unavailable)
rNeg    + + +      Spirit   .   V - +2 troll leather armour
rPois   .          Reflect  .   F - +2 helmet {SInv}
rElec   +          Harm     .   N - +2 cloak {rCorr}
rCorr   +          Rampage  .   m - +2 pair of gloves "Gehot" {rElec Str+3 Int+4}
Will    +....                   W - +2 pair of boots
Stlth   +.........              j - amulet "Immauch" {Regen+ Dex+10}
HPRegen 2.02/turn               d - ring of Irphydac {rF+ rCorr Int+2 Dex+7 Stlth-}
MPRegen 0.24/turn               L - +4 ring of protection

@: paralysed, slowed, glowing
A: (nimble swimmer 2), mertail
}: 2/15 runes: serpentine, barnacled
a: Renounce Religion, Divine Shield, Cleansing Flame, Summon Divine Warrior


You were on level 4 of the Vaults.
You worshipped the Shining One.
The Shining One was exalted by your worship.
You visited 8 branches of the dungeon, and saw 40 of its levels.
You also visited: Sewer and Ice Cave.

You collected 4633 gold pieces.
You spent 1936 gold pieces at shops.

Inventory:

Hand Weapons
 a - a +9 bardiche of holy wrath (weapon)
 y - a +3 bardiche of venom
Missiles
 o - 8 curare-tipped darts
 t - 10 throwing nets
Armour
 m - the +2 pair of gloves "Gehot" (worn) {rElec Str+3 Int+4}
   (You acquired it on level 1 of the Shoals)

   Str:       It affects your strength (+3).
   Int:       It affects your intelligence (+4).
   rElec:     It insulates you from electricity.
 F - a +2 helmet of see invisible (worn)
 N - a +2 cloak of preservation (worn)
 V - a +2 troll leather armour (worn)
 W - a +2 pair of boots (worn)
Jewellery
 d - the ring of Irphydac (left hand) {rF+ rCorr Int+2 Dex+7 Stlth-}
   (You acquired it on level 10 of the Dungeon)

   [ring of resist corrosion]

   Int:       It affects your intelligence (+2).
   Dex:       It affects your dexterity (+7).
   rF:        It protects you from fire.
   rCorr:     It protects you from acid and corrosion.
   Stlth:     It makes you less stealthy.
 j - the amulet "Immauch" (around neck) {Regen+ Dex+10}
   (You acquired it on level 10 of the Dungeon)

   [amulet of regeneration]

   Dex:       It affects your dexterity (+10).
   Regen:     It increases your rate of health regeneration.
 E - a ring of willpower
 J - the ring of Sloth {rPois rCorr}
   (You found it on level 4 of the Shoals)

   [ring of resist corrosion]

   rPois:     It protects you from poison.
   rCorr:     It protects you from acid and corrosion.
 K - a ring of protection from cold
 L - a +4 ring of protection (right hand)
Wands
 f - a wand of mindburst (27)
 k - a wand of iceblast (26)
 s - a wand of acid (9)
 B - a wand of polymorph (3)
 H - a wand of flame (74)
 M - a wand of paralysis (11)
 U - a wand of charming (18)
 Z - a wand of digging (10)
Scrolls
 g - 4 scrolls of magic mapping
 h - 15 scrolls of teleportation
 p - 4 scrolls of silence
 w - 3 scrolls of fog
 x - 9 scrolls of vulnerability
 C - 8 scrolls of immolation
 D - 3 scrolls of blinking
 X - 2 scrolls of holy word
 Y - 4 scrolls of fear
Potions
 e - 10 potions of curing
 i - 9 potions of haste
 l - 5 potions of flight
 n - 7 potions of mutation
 q - 3 potions of cancellation
 r - 8 potions of brilliance
 u - 7 potions of heal wounds
 z - 6 potions of magic
 A - 8 potions of might
 Q - a potion of ambrosia
 R - a potion of resistance
 S - 8 potions of attraction
Miscellaneous
 v - a lightning rod (4/4)
 I - a phantom mirror


   Skills:
 - Level 20.0 Fighting
 - Level 24.0 Polearms
 - Level 3.0 Throwing
 - Level 13.2 Armour
 - Level 20.0 Dodging
 - Level 1.1 Stealth
 - Level 6.9 Spellcasting
 - Level 15.0 Translocations
 + Level 16.9 Invocations
 - Level 8.0 Evocations


You had 28 spell levels left.
You knew the following spells:

 Your Spells              Type           Power      Damage    Failure   Level
a - Manifold Assault      Tloc           54%        N/A       1%          5
b - Blink                 Tloc           100%       N/A       1%          2

Your spell library contained the following spells:

 Spells                   Type           Power      Damage    Failure   Level
 Portal Projectile        Hex/Tloc       62%        N/A       1%          3
 Beastly Appendage        Tmut           10%        N/A       13%         1
 Freeze                   Ice            20%        1d4       13%         1
 Summon Small Mammal      Summ           20%        N/A       13%         1
 Summon Forest            Summ/Tloc      15%        N/A       17%         5
 Corpse Rot               Necr/Air       10%        N/A       21%         2
 Poisonous Vapours        Pois/Air       10%        N/A       21%         2
 Sublimation of Blood     Necr           5%         N/A       21%         2
 Wereblood                Tmut           5%         N/A       21%         2
 Call Canine Familiar     Summ           5%         N/A       36%         3
 Conjure Flame            Conj/Fire      5%         6-21      36%         3
 Frozen Ramparts          Ice            10%        1d3       36%         3
 Ignite Poison            Fire/Tmut/Pois 5%         N/A       36%         3
 Spider Form              Tmut/Pois      5%         N/A       36%         3
 Summon Guardian Golem    Hex/Summ       5%         N/A       36%         3
 Animate Armour           Summ/Erth      10%        N/A       78%         4
 Hailstorm                Conj/Ice       5%         3d4       78%         4
 Leda's Liquefaction      Hex/Erth       2%         N/A       78%         4
 Petrify                  Tmut/Erth      5%         N/A       78%         4
 Sticky Flame             Conj/Fire      5%         2d3       78%         4
 Alistair's Intoxication  Tmut/Pois      3%         N/A       98%         5
 Blade Hands              Tmut           2%         N/A       98%         5
 Borgnjor's Vile Clutch   Necr/Erth      2%         N/A       98%         5
 Irradiate                Conj/Tmut      2%         3d14      98%         5
 Metabolic Englaciation   Hex/Ice        2%         N/A       98%         5
 Eringya's Noxious Bog    Tmut/Pois      2%         N/A       100%        6
 Iron Shot                Conj/Erth      2%         9d2       100%        6
 Statue Form              Tmut/Erth      3%         N/A       100%        6
 Storm Form               Tmut/Air       2%         N/A       100%        7
 Summon Hydra             Summ           2%         N/A       100%        7


Dungeon Overview and Level Annotations

Branches:
Dungeon (15/15)            Temple (1/1) D:4            Lair (6/6) D:8
 Shoals (4/4) Lair:3        Snake (4/4) Lair:4        Slime (0/5) Lair:6
    Orc (2/2) D:12            Elf (0/3) Orc:2        Vaults (5/5) D:14
  Crypt (3/3) Vaults:3       Tomb (0/3) Crypt:3      Depths (0/4) D:15
  Sewer (visited)           IceCv (visited)

Altars:
Ashenzari
Cheibriados
Elyvilon
Fedhas
Gozag
Hepliaklqana
Kikubaaqudgha
Makhleb
Qazlal
Ru
Sif Muna
Uskayaw
Vehumet
Wu Jian
Xom
Yredelemnul
Zin
The Shining One
Jiyva

Shops:
D:1 **   D:2 [   D:3 (   D:4 !![   D:6 [   D:10 ?   Orc:1 *   Orc:2 (*[*
Shoals:1 **   Shoals:3 *   Snake:1 [   Snake:4 :   Vaults:2 (


Innate Abilities, Weirdness & Mutations

((You are very nimble when in or above water. (Stealth+, EV+, Speed+++)))
Your lower body shifts to a powerful aquatic tail in water.


Message History

The ancient lich flickers and vanishes for a moment.
The sphinx barely misses you. The sphinx misses you.
The sphinx completely misses you.
The cyan very ugly thing completely misses you.
The vault sentinel is empowered by the deep elf high priest's aura!
The yaktaur captain hits you. The ettin misses you. x3
The ettin hits you but does no damage.
You hear a shout! x4; You hear a deafening roar!
You climb upwards.
There is a stone staircase leading down, spattered with blood here.
Unknown command.
Unknown command.
You slice the ettin!!
The ettin is heavily wounded.
You feel less confused.
You hear a shout!
The sphinx mumbles some strange words.
You suddenly lose the ability to move!
The cyan very ugly thing completely misses you.
The hell knight hits you but does no damage.
The yaktaur captain hits you but does no damage.
The ettin hits you with a +1 dire flail of holy wrath!!
The ettin hits you with a +0 dire flail!!
The ettin hits you with a +3 dire flail!!
* * * LOW HITPOINT WARNING * * *
The ettin hits you with a +0 dire flail!!
* * * LOW HITPOINT WARNING * * *
The sphinx casts a spell.
You resist with significant effort. The cyan very ugly thing headbutts you.
* * * LOW HITPOINT WARNING * * *
The cyan very ugly thing shocks you! You resist.
* * * LOW HITPOINT WARNING * * *
The hell knight hits you with a +4 long sword of flaming!
* * * LOW HITPOINT WARNING * * *
The hell knight burns you.
* * * LOW HITPOINT WARNING * * *
The yaktaur captain hits you but does no damage.
The ettin hits you but does no damage.
The ettin hits you with a +0 dire flail!
You die...

#...(..#...........#.[<.[[)[.....
#......#.[[.#.#....#...[..#......
#......#.[>[###...[#A.....#......
.......#[[.[#.#...)').....#...##'
.......'[###...###.######'#...#..
.......#..#(....#..#..........#..
.......#.###...###.#..........#..
.......#....#.#)pH.#..........#..
.......#....###C@c.#..........#..
...?...#....#.#[uC.#..........#..
.......#...........#..........###
.......#############.............
.................................
........................)........
.................................
....#######################'#####
....# #.......


You could see a cyan very ugly thing, a sphinx (empowered), a yaktaur captain, 2
ettins and a hell knight (empowered).

Vanquished Creatures
  A dread lich (Crypt:3)
  Mennas (Vaults:4)
  An ancient lich (Vaults:4)
  Bai Suzhen (Vaults:4)
  Boris (Vaults:4)
  Vashnia (Snake:3)
  Xtahua (Vaults:4)
  Jory (Crypt:3)
  A bone dragon (Crypt:3)
  Jorgrun (Shoals:2)
  2 liches (Crypt:3)
  A tentacled monstrosity (Vaults:5)
  A kraken (Shoals:2)
  2 titans (Vaults:4)
  Polyphemus (Shoals:2)
  Frances (Shoals:1)
  3 ancient champions
  2 sphinxes (Vaults:3)
  Roxanne (Snake:2)
  4 tengu reavers
  A shadow dragon (Vaults:4)
  A storm dragon (Vaults:4)
  A fire giant (Vaults:4)
  Donald (Shoals:3)
  Ilsuiw (Shoals:4)
  7 nagarajas
  Aizul (Snake:2)
  18 vault wardens
  A frost giant (Vaults:5)
  6 ghouls
  A ghost moth (shapeshifter) (Vaults:3)
  A curse skull (Crypt:1)
  2 juggernaut zombies (Crypt:3)
  14 very ugly things
  A reaper (Crypt:2)
  6 war gargoyles
  18 ironbound preservers
  9 ironbound thunderhulks
  6 vampire knights
  A caustic shrike skeleton (Crypt:3)
  11 dire elephants
  2 entropy weavers (Vaults:3)
  9 merfolk javelineers
  2 eidola (Crypt:1)
  2 deep elf death magi
  6 yaktaur captains
  4 ettins
  7 crystal guardians
  4 merfolk impalers (Shoals:4)
  Josephine (D:11)
  4 jiangshi
  A spriggan zombie (Crypt:1)
  A great orb of eyes (Vaults:1)
  16 naga warriors
  30 vault guards
  10 hydras
  Harold (D:9)
  9 boulder beetles
  4 salamander tyrants
  An ogre mage (Vaults:4)
  10 ironbound frosthearts
  2 spriggan skeletons
  4 catoblepae
  A fenstrider witch skeleton (Crypt:1)
  4 peacekeepers
  17 anacondas
  9 merfolk avatars
  16 centaur warriors
  3 alligator snapping turtles
  8 dancing weapons
  5 merfolk aquamancers
  A death knight (Vaults:2)
  4 two-headed ogres
  16 death yaks
  A deep troll shaman (Lair:6)
  4 satyrs
  A deep troll earth mage (Vaults:4)
  2 tengu warriors (D:15)
  A titan zombie (Crypt:2)
  5 orc high priests (Orc:2)
  8 vampire magi
  10 shock serpents
  A shock serpent (shapeshifter) (Vaults:3)
  7 naga sharpshooters
  6 hell knights (Crypt:3)
  A shadow wraith (Crypt:2)
  28 skeletal warriors
  13 sea snakes
  5 salamander mystics
  49 deep trolls
  A flayed ghost (Crypt:2)
  A bunyip zombie (Crypt:3)
  8 naga ritualists
  15 ironbound convokers
  A bog body (Crypt:2)
  4 lindwurms
  7 orc knights
  2 shadow dragon zombies
  10 wizards
  A broodmother zombie (Crypt:2)
  23 harpies
  13 necromancers
  11 phantasmal warriors
  An anaconda skeleton (Crypt:1)
  3 deep elf pyromancers
  A deep elf zephyrmancer (D:15)
  13 fauns
  2 wolf spiders
  7 mana vipers
  3 oklob plants (Snake:3)
  3 orc sorcerers
  14 manticores
  28 ugly things
  A salamander (shapeshifter) (D:12)
  6 cyclopes
  8 elephants
  12 salamanders
  7 guardian serpents
  A stone giant zombie (Crypt:3)
  2 dire elephant zombies
  36 black mambas
  8 merfolk sirens
  A stone giant skeleton (Crypt:3)
  A human skeleton (Vaults:1)
  3 water nymphs
  A torpor snail (Lair:4)
  2 ice statues (IceCv)
  14 naga magi
  A dire elephant skeleton (Crypt:2)
  A gargoyle (D:13)
  14 vault sentinels
  2 centaur zombies
  A green draconian zombie (Crypt:2)
  2 unseen horrors
  7 cane toads
  14 komodo dragons
  A yellow draconian zombie (Crypt:2)
  2 rime drakes (Lair:2)
  43 yaktaurs
  An anaconda simulacrum (Crypt:2)
  2 freezing wraiths
  An efreet (D:14)
  A harpy zombie (Crypt:3)
  16 merfolk
  8 trolls
  4 polar bears
  2 wind drakes
  A harpy skeleton (Crypt:3)
  A tarantella (shapeshifter) (D:15)
  A hornet (D:5)
  A wolf spider simulacrum (D:15)
  3 meliai (D:14)
  41 slime creatures
  13 blink frogs
  A jumping spider (shapeshifter) (D:12)
  A stone giant simulacrum (Vaults:1)
  13 snapping turtles
  8 dream sheep
  A jumping spider (Vaults:3)
  An ettin skeleton (Crypt:3)
  A fire dragon zombie (Crypt:3)
  2 elf zombies
  A centaur simulacrum (D:15)
  50 flying skulls
  A dire elephant simulacrum (IceCv)
  2 shadows
  A vampire (D:10)
  6 wyverns
  40 yaks
  2 spriggans
  11 wraiths
  5 basilisks
  A black mamba skeleton (Crypt:1)
  9 water elementals
  16 vampire mosquitoes
  Menkaure (D:7)
  4 steam dragons
  45 nagas
  3 wargs
  A death yak simulacrum (IceCv)
  4 acid dragons
  15 water moccasins
  A naga skeleton (Crypt:3)
  A demonspawn zombie (Crypt:1)
  3 ice beasts
  35 orc warriors
  14 wolves
  6 ogres
  5 black bears
  4 necrophages
  2 phantoms (D:6)
  17 centaurs
  An octopode zombie (Crypt:2)
  2 kobold brigands (Sewer)
  19 bullfrogs
  A gnoll sergeant (D:7)
  3 scorpions
  A cane toad simulacrum (IceCv)
  An elf skeleton (Crypt:1)
  A wyvern skeleton (D:6)
  8 killer bees
  A human simulacrum (Vaults:1)
  5 wights (D:7)
  8 howler monkeys
  9 electric eels
  A troll skeleton (Crypt:2)
  3 jellies (D:6)
  3 hounds
  34 orc priests
  2 centaur skeletons
  2 gnoll shamans
  A bullfrog skeleton (D:6)
  An iguana (D:7)
  14 orc wizards
  Natasha (thrice) (D:4)
  A polar bear simulacrum (IceCv)
  A naga zombie (Crypt:1)
  A demigod zombie (Crypt:1)
  A tengu skeleton (Crypt:1)
  A hound zombie (D:3)
  A dwarf skeleton (Crypt:1)
  A hound skeleton (D:4)
  2 howler monkey zombies
  18 gnolls
  3 river rats
  6 adders
  A shadow imp (D:3)
  3 white imps
  An ufetubus (D:6)
  A halfling zombie (Crypt:1)
  An adder skeleton (D:4)
  4 worms
  2 dart slugs
  73 orcs
  7 ball pythons
  5 bats
  8 endoplasms
  2 giant cockroaches
  12 goblins
  13 hobgoblins
  5 jackals
  12 kobolds
  3 quokkas
  A dart slug zombie (Crypt:2)
  3 frilled lizards
  A jackal skeleton (D:4)
  10 rats
  A spectral orc (D:6)
  2 tentacles (Shoals:2)
1616 creatures vanquished.

Vanquished Creatures (collateral kills)
  A war gargoyle (Vaults:4)
1 creature vanquished.

Vanquished Creatures (others)
  An ettin (Vaults:5)
  A water elemental (Shoals:3)
  3 bushes (D:15)
  A butterfly (D:15)
  17 fungi
  90 plants
  4 tentacles (Shoals:2)
117 creatures vanquished.

Grand Total: 1734 creatures vanquished

Notes
Turn   | Place    | Note
-------+----------+-------------------------------------------
     0 | D:1      | SnakkuSnakku7 the Merfolk Wanderer began the quest for the
                  | Orb.
     0 | D:1      | SnakkuSnakku7 set off with the following items: a +3
                  | dagger, 3 curare-tipped darts, a +0 helmet, a +0 leather
                  | armour
     0 | D:1      | Reached XP level 1. HP: 18/18 MP: 1/1
    12 | D:1      | Found Hutzuqae's Assorted Antiques.
   103 | D:1      | Found Lucaeros's General Store.
   111 | D:1      | Bought 6 poisoned darts for 24 gold pieces
   169 | D:1      | Reached XP level 2. HP: 22/25 MP: 2/2
   646 | D:2      | You fall into a shaft and drop 2 floors!
   646 | D:4      | Noticed Natasha
   653 | D:4      | Killed Natasha
   654 | D:4      | Reached skill level 5 in Fighting
   654 | D:4      | Reached XP level 3. HP: 4/33 MP: 3/3
   798 | D:4      | Noticed a black bear
   812 | D:4      | Found a staircase to the Ecumenical Temple.
   817 | Temple   | Entered the Ecumenical Temple
   867 | Temple   | Became a worshipper of the Shining One
   953 | Temple   | Killed a black bear
   954 | Temple   | Reached XP level 4. HP: 28/40 MP: 4/4
   954 | Temple   | Reached XP level 5. HP: 33/46 MP: 5/5
  1161 | D:4      | Found Diorudghu's Distillery.
  1379 | D:4      | Noticed Natasha
  1395 | D:4      | Killed Natasha
  1499 | D:4      | Noticed Natasha
  1509 | D:4      | Killed Natasha
  1510 | D:4      | Reached XP level 6. HP: 33/55 MP: 6/6
  1816 | D:2      | Found a faded altar of an unknown god.
  1981 | D:2      | Found Fiylet's Armour Boutique.
  2395 | D:1      | Bought a scroll labelled ZOECVU LODESS for 19 gold pieces
  2395 | D:1      | Bought a scroll labelled EGHIVO KIEFU for 19 gold pieces
  2395 | D:1      | Bought a scroll labelled MASSAIMAXTU for 19 gold pieces
  2395 | D:1      | Bought a scroll labelled BUUNUA RUENAUN for 19 gold pieces
  2395 | D:1      | Bought a scroll labelled ZOECVU LODESS for 19 gold pieces
  2395 | D:1      | Bought a metallic puce potion for 17 gold pieces
  2432 | D:1      | Bought a scroll of identify for 20 gold pieces
  2606 | D:3      | Found Alecaohoga's Weapon Emporium.
  3097 | D:3      | Found a blossoming altar of Fedhas.
  3097 | D:3      | Found a shimmering blue altar of Sif Muna.
  3209 | D:4      | Noticed an ice beast
  3217 | D:4      | Killed an ice beast
  3465 | D:4      | Found Cekhomae's Distillery.
  3485 | D:4      | Bought a potion of degeneration for 12 gold pieces
  3509 | D:4      | Reached XP level 7. HP: 50/61 MP: 7/7
  3536 | D:4      | Found a sacrificial altar of Ru.
  3575 | D:4      | Found Mefihaur's Armour Boutique.
  3853 | D:5      | Entered Level 5 of the Dungeon
  3858 | D:5      | Noticed a hornet
  3869 | D:5      | Killed a hornet
  4102 | D:5      | Found an opulent altar of Gozag.
  4117 | D:5      | Reached XP level 8. HP: 59/68 MP: 8/8
  4196 | D:5      | Reached * piety under the Shining One
  4240 | D:5      | Found a glowing drain.
  4247 | Sewer    | Entered a sewer
  4814 | D:5      | Reached skill level 10 in Dodging
  5839 | D:6      | Reached XP level 9. HP: 55/73 MP: 9/9
  6054 | D:6      | Found Fuex's Armour Shop.
  6139 | D:6      | Noticed a boulder beetle
  6161 | D:6      | Killed a boulder beetle
  6162 | D:6      | Reached skill level 10 in Fighting
  6389 | D:6      | Found a basalt altar of Yredelemnul.
  6392 | D:6      | Reached ** piety under the Shining One
  6995 | D:7      | Reached skill level 1 in Polearms
  7140 | D:7      | Reached skill level 2 in Polearms
  7175 | D:7      | Reached skill level 3 in Polearms
  7218 | D:7      | Reached skill level 4 in Polearms
  7309 | D:7      | Reached skill level 5 in Polearms
  7309 | D:7      | Reached XP level 10. HP: 42/86 MP: 10/10
  7319 | D:7      | Noticed Menkaure
  7325 | D:7      | Killed Menkaure
  7326 | D:7      | Reached skill level 6 in Polearms
  7695 | D:7      | Found a stormy altar of Qazlal.
  7702 | D:7      | Reached skill level 7 in Polearms
  7977 | D:8      | Reached skill level 8 in Polearms
  8086 | D:8      | Found a radiant altar of Vehumet.
  8255 | D:8      | Found a staircase to the Lair.
  8296 | D:8      | Reached skill level 9 in Polearms
  8614 | D:8      | Reached skill level 10 in Polearms
  9121 | D:9      | Noticed Harold
  9158 | D:9      | Killed Harold
  9159 | D:9      | Reached skill level 11 in Polearms
  9509 | D:9      | Reached skill level 12 in Polearms
  9526 | D:9      | Noticed a two-headed ogre
  9547 | D:9      | Killed a two-headed ogre
  9548 | D:9      | Reached skill level 13 in Polearms
  9815 | D:9      | Reached XP level 11. HP: 62/92 MP: 11/11
  9821 | D:9      | Reached skill level 14 in Polearms
 10343 | D:9      | Noticed a cyclops
 10356 | D:9      | Killed a cyclops
 10357 | D:9      | Reached skill level 15 in Polearms
 10404 | D:9      | Identified the +7 trident "Koaloyff" {flame, rElec rF+ rC+
                  | Int+2}
 10414 | D:9      | Noticed a deep elf pyromancer
 10427 | D:9      | Killed a deep elf pyromancer
 10780 | D:10     | Entered Level 10 of the Dungeon
 10780 | D:10     | Noticed a two-headed ogre
 10787 | D:10     | Killed a two-headed ogre
 10873 | D:10     | Reached *** piety under the Shining One
 10916 | D:10     | Found a glowing silver altar of Zin.
 11174 | D:10     | Reached skill level 5 in Invocations
 11227 | D:10     | Noticed a wolf spider
 11238 | D:10     | Killed a wolf spider
 11241 | D:10     | Noticed a cyclops
 11277 | D:10     | Killed a cyclops
 11356 | D:10     | Found Dukeowie's Magic Scroll Emporium.
 11365 | D:10     | Bought a scroll of teleportation for 42 gold pieces
 11367 | D:10     | Reached XP level 12. HP: 95/106 MP: 17/17
 11769 | D:1      | Bought a scroll of magic mapping for 35 gold pieces
 11769 | D:1      | Bought a potion of might for 40 gold pieces
 11806 | D:1      | Bought a runed cloak for 142 gold pieces
 11806 | D:1      | Bought a glowing gilded ring for 95 gold pieces
 11959 | Lair:1   | Entered Level 1 of the Lair of Beasts
 12191 | Lair:1   | Reached XP level 13. HP: 77/112 MP: 19/19
 12409 | Lair:1   | Reached skill level 10 in Invocations
 12437 | Lair:1   | Reached skill level 1 in Evocations
 13291 | Lair:2   | Found a frozen archway.
 13304 | Lair:2   | Reached skill level 5 in Evocations
 13311 | IceCv    | Entered an ice cave
 13311 | IceCv    | Reached **** piety under the Shining One
 13326 | IceCv    | Found a transporter.
 13343 | IceCv    | Found a transporter.
 13655 | IceCv    | Identified the +6 hand axe of Sulphur {freeze, rN+ Str+3}
 14012 | Lair:2   | Identified the +2 spear of Watchfulness {venom, Will+}
 14081 | Lair:2   | You fall into a shaft and drop 1 floor!
 15797 | Lair:3   | Reached skill level 5 in Armour
 15834 | Lair:3   | Found a staircase to the Shoals.
 16094 | Lair:4   | Reached XP level 14. HP: 54/119 MP: 18/21
 16237 | Lair:4   | Found a staircase to the Snake Pit.
 16391 | Lair:4   | Noticed a dire elephant
 16408 | Lair:4   | Killed a dire elephant
 17361 | Lair:5   | Found a shimmering altar of Xom.
 17494 | Lair:5   | Reached ***** piety under the Shining One
 18260 | Lair:6   | Entered Level 6 of the Lair of Beasts
 18520 | Lair:6   | Reached skill level 10 in Armour
 18845 | Lair:6   | Found a viscous altar of Jiyva.
 18845 | Lair:6   | Found a staircase to the Slime Pits.
 18986 | Lair:6   | Reached XP level 15. HP: 103/125 MP: 22/22
 19490 | D:4      | Bought a +2 helmet of see invisible for 258 gold pieces
 19678 | D:10     | Bought a scroll of enchant weapon for 105 gold pieces
 19678 | D:10     | Bought a scroll of summoning for 133 gold pieces
 19689 | D:10     | Identified 2 scrolls of acquirement
 19689 | D:10     | Acquired the ring of Irphydac {rF+ rCorr Int+2 Dex+7
                  | Stlth-}
 19691 | D:10     | Acquired the amulet "Immauch" {Regen+ Dex+10}
 19847 | D:11     | Noticed Josephine
 19863 | D:11     | Killed Josephine
 20057 | D:11     | Acquired a +6 glaive of venom
 20426 | D:12     | Reached skill level 16 in Polearms
 20728 | D:12     | Reached skill level 17 in Polearms
 20761 | D:12     | Identified the +4 trident of Shrieking Terror {freeze,
                  | Str+2 Int+6}
 20935 | D:12     | Found a staircase to the Orcish Mines.
 21199 | Orc:1    | Entered Level 1 of the Orcish Mines
 21249 | Orc:1    | Reached ****** piety under the Shining One
 21454 | Orc:2    | Entered Level 2 of the Orcish Mines
 21613 | Orc:2    | Found a staircase to the Elven Halls.
 21768 | Orc:2    | Reached skill level 18 in Polearms
 21985 | Orc:2    | Reached skill level 19 in Polearms
 22026 | Orc:2    | Found Aphil's Assorted Antiques.
 22029 | Orc:2    | Found Xial's General Store.
 22030 | Orc:2    | Found Ovantejo's Antique Weapon Shoppe.
 22031 | Orc:2    | Found Osmyaguc's Armour Emporium.
 22036 | Orc:2    | Bought 2 potions of might for 232 gold pieces
 22036 | Orc:2    | Bought a scroll of fog for 58 gold pieces
 22036 | Orc:2    | Bought a scroll of blinking for 217 gold pieces
 22574 | Orc:1    | Found Desoeh's General Store.
 22577 | Orc:1    | Bought a scroll of teleportation for 39 gold pieces
 22577 | Orc:1    | Bought a scroll of fear for 45 gold pieces
 22933 | D:13     | Identified the +7 long sword of Uzelong {vorpal, rC+ Str+8
                  | Dex-4 Stlth+}
 23018 | D:13     | Reached skill level 20 in Polearms
 23041 | D:13     | Reached XP level 16. HP: 121/132 MP: 23/23
 23051 | D:13     | Reached skill level 15 in Dodging
 24147 | D:14     | Found a gate to the Vaults.
 24596 | D:15     | Entered Level 15 of the Dungeon
 24648 | D:15     | Found a broken altar of Ashenzari.
 24969 | D:15     | Found a white marble altar of Elyvilon.
 25044 | D:15     | Found a staircase to the Depths.
 25713 | Snake:1  | Entered Level 1 of the Snake Pit
 26282 | Snake:1  | Found Hoirah's Armour Boutique.
 26687 | Snake:2  | Reached XP level 17. HP: 140/140 MP: 24/24
 26778 | Snake:2  | Reached skill level 15 in Fighting
 27263 | Snake:2  | Noticed Roxanne
 27288 | Snake:2  | Killed Roxanne
 27583 | Snake:3  | Noticed Vashnia
 27695 | Snake:3  | Killed Vashnia
 27837 | Snake:3  | Noticed Aizul
 27982 | Snake:2  | Killed Aizul
 28109 | Snake:3  | Found a hide-covered altar of Uskayaw.
 28395 | Snake:4  | Entered Level 4 of the Snake Pit
 28414 | Snake:4  | Found Ukhoitt's Book Boutique.
 29523 | Snake:4  | Reached XP level 18. HP: 149/159 MP: 25/25
 29875 | Snake:4  | Got a serpentine rune of Zot
 30194 | Shoals:1 | Entered Level 1 of the Shoals
 30274 | Shoals:1 | Noticed Frances
 30290 | Shoals:1 | Killed Frances
 30294 | Shoals:1 | Found Sumist's General Store.
 30294 | Shoals:1 | Found Hiskay's Specific Store.
 30334 | Shoals:1 | Bought a scroll of teleportation for 48 gold pieces
 30586 | Shoals:1 | Acquired the +2 pair of gloves "Gehot" {rElec Str+3 Int+4}
 30634 | Shoals:2 | Noticed Polyphemus
 30723 | Shoals:2 | Killed Polyphemus
 30834 | Shoals:2 | Noticed Jorgrun
 30845 | Shoals:2 | Killed Jorgrun
 31232 | Shoals:3 | Noticed Donald
 31253 | Shoals:3 | Killed Donald
 31447 | Shoals:3 | Found Mublapn's Merry Market.
 31455 | Shoals:3 | Bought a scroll of magic mapping for 63 gold pieces
 31455 | Shoals:3 | Bought a potion of might for 72 gold pieces
 31455 | Shoals:3 | Bought a potion of mutation for 144 gold pieces
 31640 | Shoals:3 | Reached XP level 19. HP: 169/169 MP: 29/29
 31686 | Shoals:4 | Entered Level 4 of the Shoals
 31725 | Shoals:4 | Reached skill level 15 in Invocations
 31833 | Shoals:4 | Identified the +9 scythe of Siadod {holy, Str+3}
 31846 | Shoals:4 | Got a barnacled rune of Zot
 32364 | Shoals:4 | Noticed Ilsuiw
 32397 | Shoals:4 | Killed Ilsuiw
 32483 | Shoals:4 | Identified the ring of Sloth {rPois rCorr}
 32817 | Vaults:1 | Entered Level 1 of the Vaults
 32876 | Vaults:1 | Paralysed by a great orb of eyes for 7 turns
 33201 | Vaults:1 | Identified the +1 plate armour of the Apricot {rF- rN++
                  | Will+}
 33443 | Vaults:1 | Reached XP level 20. HP: 163/176 MP: 31/31
 33694 | Vaults:1 | Learned a level 2 spell: Blink
 33745 | Vaults:1 | Learned a level 5 spell: Manifold Assault
 33765 | Vaults:1 | Reached skill level 1 in Translocations
 34035 | Vaults:1 | You fall into a shaft and drop 1 floor!
 34189 | Vaults:2 | Reached skill level 5 in Translocations
 34429 | Vaults:2 | Found Eceukhla's Weapon Shop.
 35833 | Vaults:3 | Reached skill level 10 in Translocations
 35981 | Vaults:3 | Reached XP level 21. HP: 183/183 MP: 32/32
 37410 | Vaults:3 | Found a staircase to the Crypt.
 37411 | Vaults:3 | Identified a +9 bardiche of holy wrath (a +8 bardiche
                  | blessed by the Shining One)
 37411 | Vaults:3 | Received a gift from the Shining One
 37433 | Crypt:1  | Entered Level 1 of the Crypt
 37585 | Crypt:1  | Reached skill level 21 in Polearms
 37906 | Crypt:1  | Reached skill level 22 in Polearms
 38369 | Crypt:2  | Reached XP level 22. HP: 111/190 MP: 33/33
 38688 | Crypt:2  | Reached skill level 23 in Polearms
 39163 | Crypt:3  | Entered Level 3 of the Crypt
 39257 | Crypt:3  | Reached skill level 24 in Polearms
 39558 | Crypt:3  | Found a staircase to the Tomb.
 39593 | Crypt:3  | Found a basalt altar of Yredelemnul.
 39593 | Crypt:3  | Noticed a dread lich
 39599 | Crypt:3  | Killed a dread lich
 39876 | Crypt:3  | Noticed Jory
 39887 | Crypt:3  | Killed Jory
 40335 | Vaults:4 | Reached skill level 15 in Translocations
 40339 | Vaults:4 | Reached skill level 1 in Spellcasting
 40466 | Vaults:4 | Noticed Bai Suzhen
 40483 | Vaults:4 | Noticed Boris
 40490 | Vaults:4 | Killed Bai Suzhen
 40494 | Vaults:4 | Killed Boris
 40498 | Vaults:4 | Noticed Mennas
 40614 | Vaults:4 | Noticed Xtahua
 40620 | Vaults:4 | Paralysed by Xtahua for 4 turns
 40630 | Vaults:4 | Killed Xtahua
 40730 | Vaults:4 | Reached XP level 23. HP: 196/196 MP: 34/34
 40900 | Vaults:4 | Reached skill level 5 in Spellcasting
 40916 | Vaults:4 | Killed Mennas
 41491 | Vaults:5 | Entered Level 5 of the Vaults
 41595 | Vaults:5 | Noticed an ancient lich
 41598 | Vaults:5 | Paralysed by a sphinx for 2 turns
 41662 | Vaults:4 | Killed an ancient lich
 41808 | Vaults:5 | Noticed an ancient lich
 41812 | Vaults:4 | Paralysed by a sphinx for 7 turns
 41813 | Vaults:4 | HP: 5/196 [hell knight (9)]
 41813 | Vaults:4 | Mangled by an ettin

Illustrated notes

Levels and vault maps discovered:
D:1:      dpeg_arrival_solitude, layout_rooms, serial_shops,
          nicolae_shop_temple_entry_statues_fountains, shop,
          chequers_serial_rivers_marsh
D:2:      minmay_spotlight, layout_loops_ring, serial_shops, shop,
          shapermc_ecumenical_altar_mp_urbaneastern, grunt_decor_resistance
D:3:      layout_rooms, mainiacjoe_overflow_divided_tiny, serial_shops,
          nicolae_shop_hallway_plus
D:4:      layout_basic, nicolae_ru_great_annihilating_truth,
          minmay_temple_entry_overgrown, serial_shops, nicolae_take_the_stairs,
          shop, kennysheep_mini_moat, uniq_natasha
D:5:      layout_rooms, cheibrodos_sewer_entry_sluice, kennysheep_small_circle
D:6:      cheibrodos_two_vegetables, layout_rooms,
          yredelemnul_forgotten_temple_becter, serial_shops,
          kennysheep_little_box, hangedman_abyss_or_decor_passed
D:7:      layout_basic, nicolae_qazlal_general_emergency, uniq_menkaure
D:8:      layout_rooms, vehumet_altar_wand_db, david_lair_shrubbed,
          kennysheep_cross_room
D:9:      layout_layer_cave, minmay_diamond_spiral, uniq_harold
D:10:     layout_long_grid, mainiacjoe_overflow_concentric_impassable,
          serial_shops, nicolae_lakefront_shop, grunt_potential
D:11:     layout_irregular_city, uniq_josephine
D:12:     minmay_tri_box, layout_cave_pools, orc_0_dummy,
          hangedman_decor_clover_reticule, kennysheep_minor_cross
D:13:     layout_layer_cave, st_stairs_7
D:14:     layout_irregular_city, erik_vaults_1, chequers_mini_garden,
          serial_rivers, chequers_serial_rivers_micro_d,
          chequers_serial_rivers_small_a, chequers_serial_rivers_micro_d,
          chequers_serial_rivers_small_a, chequers_serial_rivers_micro_c,
          chequers_serial_rivers_room_b
D:15:     grunt_enter_depths_magical_seal, layout_rooms,
          nicolae_elyvilon_peaceful_grove, nicolae_ashenzari_skybound
Temple:   regret_index_temple_waves
Lair:1:   layout_cave_shapes, wad_woods_03
Lair:2:   layout_gridlike, portal_ice_cave_rime
Lair:3:   layout_loops_ring, minmay_shoals_entry_lonely_mermaid,
          grunt_forest_stairs_clearing
Lair:4:   nzn_winding_woodlands_small [nzn_winding_woodlands_5x15_split_checker,
          nzn_winding_woodlands_center_pierced_h,
          nzn_winding_woodlands_5x15_zeroes], layout_cave_pods,
          guppyfry_snake_entry_island, infiniplex_staircase_pool,
          grunt_megastairs_5
Lair:5:   layout_regular_city, basic_altar
Lair:6:   grunt_lair_end_beastmaster, layout_regular_city,
          dpeg_slime_entry_enclosed_altar
Shoals:1: layout_shoals, nicolae_shoals_square_sea_wall, nicolae_specific_store,
          uniq_frances
Shoals:2: layout_shoals, uniq_jorgrun, uniq_polyphemus
Shoals:3: layout_shoals, nicolae_alphabet_shops, uniq_donald
Shoals:4: shoals_end_hangedman, layout_shoals, shoal_ilsuiw,
          nicolae_shoals_dead_sea_scrolls
Snake:1:  layout_misc_corridors, serial_shops, shop_fountains,
          serial_bayou_shore_b
Snake:2:  layout_basic, grunt_ministairs_10, serial_bayou_crossing, uniq_roxanne
Snake:3:  dpeg_oklob_gauntlet, layout_rooms, basic_altar, uniq_vashnia,
          uniq_aizul
Snake:4:  grunt_snake_rune_serpentine_throne, layout_cave_town, serial_shops,
          shop_fountains
Orc:1:    layout_diamond_mine, serial_shops, shop
Orc:2:    st_orc_pillars, layout_diamond_mine
Vaults:1: vaults_standard_mumra_lines, vaults_room_semicircle,
          nicolae_vaults_branching_niches, vaults_dpeg_cross,
          nicolae_vaults_yaktaur_gun_rack, nicolae_vaults_triangles,
          vaults_room_fours, nicolae_vaults_shelves_hall,
          nicolae_vaults_windows_and_doors_thing, v_pattern_1,
          nicolae_vaults_rhombus_7, v_misc_13, layout_vaults_big_room
Vaults:2: ontoclasm_vaults_bender, vaults_mumra_hex, v_misc_10, v_misc_4,
          vaults_mumra_lcd, vaults_room_door_ring, v_misc_17,
          vaults_mumra_minichess_inversion, hangedman_vaults_stream,
          ontoclasm_vaults_loading_screen, nicolae_vaults_network_quinsquares
          [nicolae_vaults_network_quincunx_subvault,
          nicolae_vaults_network_quincunx_subvault,
          nicolae_vaults_network_quincunx_subvault,
          nicolae_vaults_network_quincunx_subvault], layout_vaults_omnibox,
          serial_shops, shop
Vaults:3: vaults_room_ringed_pool, v_misc_33, hangedman_vaults_trim,
          nicolae_vaults_network_periphery, grunt_vaults_twisty,
          v_alt_pattern_4, st_more_cells, vaults_standard_mumra_x,
          vaults_mumra_chevron, v_alt_pattern_5, vaults_room_grid,
          minmay_crypt_entry_simple_round, ontoclasm_vaults_fault,
          vaults_room_hallway, nicolae_vaults_gold_heap, layout_vaults_big_cross
Vaults:4: nicolae_vaults_what_the_h, hangedman_vaults_maws,
          ontoclasm_vaults_chip, layout_vaults_omnigrid, serial_glass,
          uniq_mennas, uniq_xtahua, uniq_bai_suzhen, uniq_boris
Vaults:5
Crypt:1:  layout_basic, grunt_ministairs_12, nicolae_crypt_little_mausoleum
Crypt:2:  layout_catacombs
Crypt:3:  cryptofortress_bobbens, uniq_jory

Skill      XL: |  1  2  3  4  5  6  7  8  9 10 11 12 13 14 15 16 17 18 19 20 21 22 23 |
---------------+----------------------------------------------------------------------+-----
Fighting       | 5 6 7 10 13 14 18 20 | 20.0
Dodging        | 4 7 11 12 13 14 20 | 20.0
Polearms       | 5 13 15 20 22 24 | 24.0
Invocations    | 7 9 10 14 15 16 | 16.9
Evocations     | 8 |  8.0
Armour         | 5 10 13 | 13.2
Translocations | 10 12 15 | 15.0
Spellcasting   | 4 6 |  6.9
Throwing       | |  3.0
Stealth        | |  1.1

Action                   |  1- 3 |  4- 6 |  7- 9 | 10-12 | 13-15 | 16-18 | 19-21 | 22-24 || total
-------------------------+-------+-------+-------+-------+-------+-------+-------+-------++-------
Melee: Dagger            |    56 |   123 |   349 |     5 |       |       |       |       ||   533
       Punch             |     4 |     7 |    12 |     6 |    22 |       |       |       ||    51
       Tailslap          |     1 |       |    26 |     3 |     8 |    70 |    22 |       ||   130
       Flail             |       |    64 |    39 |       |       |       |       |       ||   103
       Halberd           |       |       |    24 |   198 |       |       |       |       ||   222
       Trident           |       |       |       |   175 |  1046 |       |       |       ||  1221
       Glaive            |       |       |       |       |   489 |  1527 |  1482 |       ||  3498
       Bardiche          |       |       |       |       |       |       |   236 |   799 ||  1035
Throw: Dart              |    12 |     6 |     7 |    16 |     1 |       |       |       ||    42
 Cast: Manifold Assault  |       |       |       |       |       |       |     2 |     8 ||    10
       Blink             |       |       |       |       |       |       |       |     1 ||     1
Invok: Cleansing Flame   |       |       |       |       |     1 |       |     8 |     6 ||    15
       Brand Weapon With |       |       |       |       |       |       |     1 |       ||     1
Evoke: Wand              |       |     2 |     3 |     2 |       |     2 |     4 |       ||    13
       Lightning rod     |       |       |       |       |       |     6 |     4 |       ||    10
       Phantom mirror    |       |       |       |       |       |       |       |     1 ||     1
  Use: Scroll            |       |     9 |     3 |     3 |    15 |    10 |     8 |     2 ||    50
       Potion            |       |       |       |     4 |     3 |     3 |     2 |     2 ||    14
Armor: Leather armour    |     4 |       |       |       |       |       |       |       ||     4
       Ring mail         |    22 |    82 |    71 |    35 |    22 |       |       |       ||   232
       Troll leather arm |       |       |       |       |   161 |   158 |   252 |   179 ||   750
Dodge: Dodged            |    22 |   109 |   315 |   232 |  1189 |  1657 |  1588 |   940 ||  6052
